Map: 宿怨战场-天梯版

Players

Seventy

  • Race: Protoss Protoss
  • League: Diamond

iGMacSed (MacSed) - Winner!

  • Race: Protoss Protoss

Event: WESG 2018 Grand Finals

VOD

Have the link to the VOD?

Description

Time

  • Played on: March 12, 2019, 3:16 a.m.
  • Length: 6:07

All games in this series

Show
View Real Time Build Order
Export as new Build Order

Seventy Protoss 

Build Orders:  

Get SALT Encoding   

  1  0:00  Probe  
  12  0:05  Probe  
  14  0:18  Pylon  
  14  0:21  Probe  
  15  0:36  Probe  
  15  0:38  Gateway  
  16  0:48  Probe  
  16  0:49  Assimilator  
  17  0:58  Assimilator  
  17  1:00  Probe  
  18  1:08  Probe  
  19  1:19  Probe  
  20  1:30  Cybernetics Core  
  19  1:39  Gateway  
  19  1:44  Probe  
  20  1:52  Pylon  
  20  1:58  Stalker  
  20  2:00  Probe  
  23  2:09  Warp Gate  
  23  2:16  Shield Battery  
  23  2:19  Probe  
  24  2:39  Zealot, Stargate  
  26  2:44  Zealot  
  28  2:54  Probe  
  29  3:07  Probe  
  29  3:11  Zealot  
  31  3:18  Pylon  
  31  3:21  Pylon  
  31  3:26  Void Ray  
  29  3:38  Probe  
  34  3:43  Zealot  
  34  3:44  Zealot  
  38  3:54  Gateway  
  38  4:00  Void Ray  
  42  4:22  Zealot  
  42  4:23  Zealot  
  46  4:30  Probe  
  46  4:42  Probe  
  47  4:48  Pylon  
  39  5:10  Zealot x3  
  41  5:29  Stalker  
  41  5:31  Stalker  
  41  5:34  Stalker  
Show
View Real Time Build Order
Export as new Build Order

iGMacSed Protoss - Winner!

Build Orders: Oracle Opening 

Get SALT Encoding   

  12  0:00  Probe  
  13  0:12  Probe  
  14  0:17  Pylon  
  14  0:24  Probe  
  15  0:32  Probe  
  15  0:38  Gateway  
  15  0:40  Probe  
  16  0:46  Assimilator  
  17  0:51  Probe  
  17  0:55  Assimilator  
  18  1:03  Probe  
  19  1:11  Gateway  
  19  1:15  Probe  
  20  1:27  Cybernetics Core  
  20  1:28  Probe  
  21  1:36  Pylon  
  21  1:40  Probe  
  22  1:52  Probe  
  23  2:03  Warp Gate  
  23  2:04  Adept x2, Probe  
  28  2:09  Pylon  
  28  2:22  Pylon  
  28  2:34  Stalker x2  
  31  2:41  Stargate  
  31  3:05  Nexus  
  31  3:11  Shield Battery  
  31  3:13  Probe  
  31  3:15  Oracle  
  35  3:33  Robotics Facility  
  35  3:39  Probe  
  34  3:42  Oracle  
  34  3:50  Gateway  
  34  3:51  Probe  
  38  4:02  Sentry  
  40  4:04  Probe  
  41  4:14  Probe  
  41  4:16  Shield Battery, Probe  
  42  4:18  Shield Battery  
  42  4:22  Probe  
  43  4:28  Probe  
  43  4:30  Sentry  
  47  4:32  Probe  
  48  4:40  Probe  
  48  4:41  Adept  
  48  4:44  Probe  
  52  4:48  Robotics Facility  
  52  4:52  Probe  
  53  4:56  Stalker, Probe  
  54  5:00  Stalker  
  56  5:12  Stalker  
  56  5:13  Pylon  
  58  5:16  Shield Battery  
  58  5:17  Shield Battery  
  58  5:23  Pylon, Probe  
  58  5:24  Pylon  
  58  5:27  Probe  
  60  5:45  Stalker x3  
  60  5:51  Probe  
Tags
 
Add a new tag
Caveats
  • Supply blocks, unpowered buildings, or Contaminate may cause inaccurate times.
  • Supply counts are checked every 10 seconds.